 Dungeon Crawl Stone Soup version 0.31-a0-217-g58bb5d79cf (webtiles) character file.

Game seed: 3965683194839365883

84 Gargoyl the Trooper (level 4, -7/29 HPs)
             Began as a Gargoyle Berserker on July 3, 2023.
             Was a Follower of Trog.
             Killed by divine providence
             ... invoked by an orc priest
              (10 damage)
             ... on level 3 of the Dungeon.
             The game lasted 00:03:23 (2296 turns).

Gargoyl the Trooper (Gargoyle Berserker)            Turns: 2296, Time: 00:03:23

Health: -7/29      AC: 12    Str: 21    XL:     4   Next: 46%
Magic:  4/4        EV:  8    Int:  7    God:    Trog [*.....]
Gold:   114        SH:  0    Dex: 11    Spells: 3/3 levels left

rFire   . . .        a - +1 hand axe
rCold   . . .        (no shield)
rNeg    + . .        f - +0 chain mail
rPois   ∞            (no helmet)
rElec   +            (no cloak)
rCorr   .            (no gloves)
SInv    .            (no boots)
Will    .....        (no amulet) Stlth
                     (no ring)
HPRegen 0.24/turn    (no ring)
MPRegen 0.09/turn

%: no passive effects
@: on berserk cooldown, slowed, very slow
A: sickness immunity, AC +3, negative energy resistance 1, electricity
resistance, torment resistance 1, petrification resistance
a: Renounce Religion, Berserk


You were on level 3 of the Dungeon.
You worshipped Trog.
Trog was aware of your devotion.
You visited 1 branch of the dungeon, and saw 4 of its levels.

You collected 114 gold pieces.

Inventory:

Hand Weapons
 a - a +1 hand axe (weapon)
 b - a +0 war axe
Armour
 f - a +0 chain mail (worn)
Scrolls
 d - 4 scrolls of identify
 j - a scroll of poison
Potions
 c - 2 potions of haste


   Skills:
 + Level 3.9 Fighting
 + Level 3.5 Axes
 + Level 3.1 Armour
 + Level 1.9 Dodging


You had 3 spell levels left.
You didn't know any spells.
Your spell library was empty.

Dungeon Overview and Level Annotations

Branches:
Dungeon (4/15)
 Temple: D:4-7

Altars:
Elyvilon
Hepliaklqana
Makhleb

Annotations:
D:3 1 runed translucent door, whodunnit's ghost, amateur HuMo
D:4 Pikel


Innate Abilities, Weirdness & Mutations

You are immune to sickness and miasma.
Your stone body is resilient. (AC +3)
You are immune to poison.
You resist negative energy. (rN+)
You are resistant to electric shocks. (rElec)
You are resistant to unholy torment.
You are immune to petrification.


Message History

Trog accepts your kill.
Your skin stops crawling.
You feel less strong-willed.
The orc priest invokes the aid of Beogh against you.
Pain shoots through your body! The orc closely misses you.
The orc hits you but does no damage.
The orc priest hits you with a +0 dagger.
The orc hits you but does no damage.
You hit the orc priest but do no damage.
The orc priest is moderately wounded.
You barely miss the orc. The orc hits you with a +0 hand axe.
The orc closely misses you. The orc priest barely misses you.
Unknown command.
You hit the orc priest.
The orc priest is heavily wounded.
You hit the orc but do no damage.
The orc priest hits you with a +0 dagger.
The orc hits you but does no damage. The orc closely misses you.
The orc barely misses you.
The orc hits you from afar with a +0 trident.
The orc priest barely misses you.
You barely miss the orc priest.
The orc priest is heavily wounded.
You hit the orc but do no damage.
The orc priest hits you with a +0 dagger.
The orc completely misses you.
The orc hits you from afar with a +0 trident!
* * * LOW HITPOINT WARNING * * *
The orc hits you but does no damage.
The orc priest begins to cast a cantrip, but forgets the words!
The orc barely misses you.
It was a potion of magic.
Magic courses through your body. The orc hits you but does no damage. x2
The orc priest hits you but does no damage.
Okay, then.
You hit the orc priest but do no damage.
The orc priest is heavily wounded.
You hit the orc but do no damage.
The orc priest mumbles some strange prayers to Beogh against you.
Beogh smites you!
You die...

#.# #.........#.......:......
##.### #.....##..#...#.#........
.....# #.....##..#.#.#.######...
##.#.## ########..#.#.#.# #...
##...[### #....[<..# #...
##...##_## #....#.### #...
###.###..## ######.# ######.>.
#####...#.# #######.# #.......#
....#..#..# #o@)....###........
#####.#..######o####..##...#.##.#
##..###....o......#......##.#
#..#.######.####.###...#....#
#†#...#####.####.# ##..#..#.#
#...#.#..........# #........
##.#.##.########## #........
##.##..# ##.###.... #....## #..#
###.#


You could see an orc priest and 2 orcs.

Vanquished Creatures
  2 adders
  3 worms (D:2)
  3 orcs (D:3)
  5 ball pythons
  4 endoplasms
  3 giant cockroaches
  10 hobgoblins
  4 quokkas
  4 bats (D:3)
  3 frilled lizards
  3 goblins
  5 rats
49 creatures vanquished.

Notes
Turn   | Place    | Note
-------+----------+-------------------------------------------
     0 | D:1      | Gargoyl the Gargoyle Berserker began the quest for the Orb.
     0 | D:1      | Reached XP level 1. HP: 14/14 MP: 1/1
   125 | D:1      | Reached XP level 2. HP: 19/19 MP: 2/2
   549 | D:1      | Reached XP level 3. HP: 15/24 MP: 3/3
   927 | D:2      | Found a faded altar of an unknown god.
  1112 | D:2      | Found a burning altar of Makhleb.
  1200 | D:2      | Reached XP level 4. HP: 21/29 MP: 4/4
  1791 | D:3      | Found a large runed translucent door.
  1792 | D:3      | Found a large runed translucent door.
  1817 | D:3      | Found a runed translucent door.
  1817 | D:3      | Noticed whodunnit's ghost (amateur HuMo)
  1922 | D:3      | Found a white marble altar of Elyvilon.
  2030 | D:3      | Reached ** piety under Trog
  2201 | D:3      | Found a burning altar of Makhleb.
  2232 | D:3      | Found a hazy altar of Hepliaklqana.
  2278 | D:4      | Noticed a lemure
  2278 | D:4      | Noticed a lemure
  2279 | D:4      | Noticed Pikel
  2283 | D:4      | Noticed a lemure
  2284 | D:4      | Noticed a lemure
  2296 | D:3      | Killed from afar by an orc priest

Illustrated notes

Levels and vault maps discovered:
D:1:      enne_arrival_octagon_isle, layout_basic
D:2:      layout_loops_ring, basic_ecumenical_altar, basic_altar
D:3:      layout_loops_cross, marbit_many_paths, jmf_multi_god_temple2,
          gammafunk_ghost_grave
D:4:      layout_rooms, minmay_temple_entry_hall, serial_shops,
          nicolae_shop_tiny_waterfront, fountainhead, uniq_crazy_yiuf_cottage,
          uniq_pikel

Skill      XL: |  1  2  3  4 |
---------------+-------------+-----
Axes           | 3 |  3.5
Armour         | 3 |  3.1
Fighting       | |  3.9
Dodging        | |  1.9

Action                     |  1- 3 |  4- 6 || total
---------------------------+-------+-------++-------
  Melee: Hand axe          |   123 |    57 ||   180
         Punch             |     1 |       ||     1
 Invoke: Berserk           |     1 |     1 ||     2
         Trog's Hand       |       |     1 ||     1
    Use: Scroll            |     2 |     5 ||     7
         Potion            |       |     1 ||     1
 Armour: Animal skin       |     8 |       ||     8
         Scale mail        |    37 |    28 ||    65
         Chain mail        |       |    34 ||    34
  Dodge: Dodged            |    76 |    55 ||   131

Table legend: (Time is in decaauts)
 A = Elapsed time spent in this place.
 B = Non-inter-level travel time spent in this place.
 C = Inter-level travel time spent in this place.
 D = Time resting spent in this place.
 E = Time spent auto-exploring this place.
 F = Levels seen in this place.
 G = Mean time per level.
                   A        B        C        D        E       F      G
               +--------+--------+--------+--------+--------+-----+--------+
         Total |   2338 |   2250 |     88 |      0 |   1732 |   4 |  584.5 |
       Dungeon |   2338 |   2250 |     88 |      0 |   1732 |   4 |  584.5 |
               +--------+--------+--------+--------+--------+-----+--------+

Top non-repeatable levels by time:
     D:3: 867 daAuts
     D:2: 733 daAuts
     D:1: 731 daAuts
     D:4: 6 daAuts
